Workbook

Sheet Resumen
A1: Costeo de bebidas: cuánto te cuesta y cuánto te deja cada producto
A2: Plantilla gratuita de Lealify POS · lealify.com/pos/costo-de-una-bebida/ · cambia las celdas amarillas.
A3: Merma y desperdicio (%) | C3: 0.05 | D3: Costo objetivo (% del precio sin IVA) — ejemplo, pon el tuyo | H3: 0.3
A5: Producto | B5: Costo de la receta | C5: Costo con merma | D5: Precio de venta | E5: ¿El precio incluye IVA? | F5: Precio sin IVA | G5: Costo % | H5: Margen por pieza | I5: Precio sugerido (con IVA si aplica)
A6: Americano chico | B6: =IF(A6="","",SUMIF(Recetas!$A$5:$A$82,A6,Recetas!$F$5:$F$82)) | C6: =IF(A6="","",B6*(1+$C$3)) | D6: 40 | E6: Sí | F6: =IF(OR(A6="",D6=""),"",IF(E6="Sí",D6/1.16,D6)) | G6: =IF(F6="","",C6/F6) | H6: =IF(F6="","",F6-C6) | I6: =IF(A6="","",ROUNDUP(C6/$H$3*IF(E6="Sí",1.16,1),0))
A7: Latte chico | B7: =IF(A7="","",SUMIF(Recetas!$A$5:$A$82,A7,Recetas!$F$5:$F$82)) | C7: =IF(A7="","",B7*(1+$C$3)) | D7: 55 | E7: Sí | F7: =IF(OR(A7="",D7=""),"",IF(E7="Sí",D7/1.16,D7)) | G7: =IF(F7="","",C7/F7) | H7: =IF(F7="","",F7-C7) | I7: =IF(A7="","",ROUNDUP(C7/$H$3*IF(E7="Sí",1.16,1),0))
A8: Latte grande | B8: =IF(A8="","",SUMIF(Recetas!$A$5:$A$82,A8,Recetas!$F$5:$F$82)) | C8: =IF(A8="","",B8*(1+$C$3)) | D8: 65 | E8: Sí | F8: =IF(OR(A8="",D8=""),"",IF(E8="Sí",D8/1.16,D8)) | G8: =IF(F8="","",C8/F8) | H8: =IF(F8="","",F8-C8) | I8: =IF(A8="","",ROUNDUP(C8/$H$3*IF(E8="Sí",1.16,1),0))
A9: Latte de vainilla chico | B9: =IF(A9="","",SUMIF(Recetas!$A$5:$A$82,A9,Recetas!$F$5:$F$82)) | C9: =IF(A9="","",B9*(1+$C$3)) | D9: 62 | E9: Sí | F9: =IF(OR(A9="",D9=""),"",IF(E9="Sí",D9/1.16,D9)) | G9: =IF(F9="","",C9/F9) | H9: =IF(F9="","",F9-C9) | I9: =IF(A9="","",ROUNDUP(C9/$H$3*IF(E9="Sí",1.16,1),0))
B10: =IF(A10="","",SUMIF(Recetas!$A$5:$A$82,A10,Recetas!$F$5:$F$82)) | C10: =IF(A10="","",B10*(1+$C$3)) | F10: =IF(OR(A10="",D10=""),"",IF(E10="Sí",D10/1.16,D10)) | G10: =IF(F10="","",C10/F10) | H10: =IF(F10="","",F10-C10) | I10: =IF(A10="","",ROUNDUP(C10/$H$3*IF(E10="Sí",1.16,1),0))
B11: =IF(A11="","",SUMIF(Recetas!$A$5:$A$82,A11,Recetas!$F$5:$F$82)) | C11: =IF(A11="","",B11*(1+$C$3)) | F11: =IF(OR(A11="",D11=""),"",IF(E11="Sí",D11/1.16,D11)) | G11: =IF(F11="","",C11/F11) | H11: =IF(F11="","",F11-C11) | I11: =IF(A11="","",ROUNDUP(C11/$H$3*IF(E11="Sí",1.16,1),0))
B12: =IF(A12="","",SUMIF(Recetas!$A$5:$A$82,A12,Recetas!$F$5:$F$82)) | C12: =IF(A12="","",B12*(1+$C$3)) | F12: =IF(OR(A12="",D12=""),"",IF(E12="Sí",D12/1.16,D12)) | G12: =IF(F12="","",C12/F12) | H12: =IF(F12="","",F12-C12) | I12: =IF(A12="","",ROUNDUP(C12/$H$3*IF(E12="Sí",1.16,1),0))
B13: =IF(A13="","",SUMIF(Recetas!$A$5:$A$82,A13,Recetas!$F$5:$F$82)) | C13: =IF(A13="","",B13*(1+$C$3)) | F13: =IF(OR(A13="",D13=""),"",IF(E13="Sí",D13/1.16,D13)) | G13: =IF(F13="","",C13/F13) | H13: =IF(F13="","",F13-C13) | I13: =IF(A13="","",ROUNDUP(C13/$H$3*IF(E13="Sí",1.16,1),0))
B14: =IF(A14="","",SUMIF(Recetas!$A$5:$A$82,A14,Recetas!$F$5:$F$82)) | C14: =IF(A14="","",B14*(1+$C$3)) | F14: =IF(OR(A14="",D14=""),"",IF(E14="Sí",D14/1.16,D14)) | G14: =IF(F14="","",C14/F14) | H14: =IF(F14="","",F14-C14) | I14: =IF(A14="","",ROUNDUP(C14/$H$3*IF(E14="Sí",1.16,1),0))
B15: =IF(A15="","",SUMIF(Recetas!$A$5:$A$82,A15,Recetas!$F$5:$F$82)) | C15: =IF(A15="","",B15*(1+$C$3)) | F15: =IF(OR(A15="",D15=""),"",IF(E15="Sí",D15/1.16,D15)) | G15: =IF(F15="","",C15/F15) | H15: =IF(F15="","",F15-C15) | I15: =IF(A15="","",ROUNDUP(C15/$H$3*IF(E15="Sí",1.16,1),0))
B16: =IF(A16="","",SUMIF(Recetas!$A$5:$A$82,A16,Recetas!$F$5:$F$82)) | C16: =IF(A16="","",B16*(1+$C$3)) | F16: =IF(OR(A16="",D16=""),"",IF(E16="Sí",D16/1.16,D16)) | G16: =IF(F16="","",C16/F16) | H16: =IF(F16="","",F16-C16) | I16: =IF(A16="","",ROUNDUP(C16/$H$3*IF(E16="Sí",1.16,1),0))
B17: =IF(A17="","",SUMIF(Recetas!$A$5:$A$82,A17,Recetas!$F$5:$F$82)) | C17: =IF(A17="","",B17*(1+$C$3)) | F17: =IF(OR(A17="",D17=""),"",IF(E17="Sí",D17/1.16,D17)) | G17: =IF(F17="","",C17/F17) | H17: =IF(F17="","",F17-C17) | I17: =IF(A17="","",ROUNDUP(C17/$H$3*IF(E17="Sí",1.16,1),0))
B18: =IF(A18="","",SUMIF(Recetas!$A$5:$A$82,A18,Recetas!$F$5:$F$82)) | C18: =IF(A18="","",B18*(1+$C$3)) | F18: =IF(OR(A18="",D18=""),"",IF(E18="Sí",D18/1.16,D18)) | G18: =IF(F18="","",C18/F18) | H18: =IF(F18="","",F18-C18) | I18: =IF(A18="","",ROUNDUP(C18/$H$3*IF(E18="Sí",1.16,1),0))
B19: =IF(A19="","",SUMIF(Recetas!$A$5:$A$82,A19,Recetas!$F$5:$F$82)) | C19: =IF(A19="","",B19*(1+$C$3)) | F19: =IF(OR(A19="",D19=""),"",IF(E19="Sí",D19/1.16,D19)) | G19: =IF(F19="","",C19/F19) | H19: =IF(F19="","",F19-C19) | I19: =IF(A19="","",ROUNDUP(C19/$H$3*IF(E19="Sí",1.16,1),0))
B20: =IF(A20="","",SUMIF(Recetas!$A$5:$A$82,A20,Recetas!$F$5:$F$82)) | C20: =IF(A20="","",B20*(1+$C$3)) | F20: =IF(OR(A20="",D20=""),"",IF(E20="Sí",D20/1.16,D20)) | G20: =IF(F20="","",C20/F20) | H20: =IF(F20="","",F20-C20) | I20: =IF(A20="","",ROUNDUP(C20/$H$3*IF(E20="Sí",1.16,1),0))
B21: =IF(A21="","",SUMIF(Recetas!$A$5:$A$82,A21,Recetas!$F$5:$F$82)) | C21: =IF(A21="","",B21*(1+$C$3)) | F21: =IF(OR(A21="",D21=""),"",IF(E21="Sí",D21/1.16,D21)) | G21: =IF(F21="","",C21/F21) | H21: =IF(F21="","",F21-C21) | I21: =IF(A21="","",ROUNDUP(C21/$H$3*IF(E21="Sí",1.16,1),0))
... B25: =IF(A25="","",SUMIF(Recetas!$A$5:$A$82,A25,Recetas!$F$5:$F$82)) | C25: =IF(A25="","",B25*(1+$C$3)) | F25: =IF(OR(A25="",D25=""),"",IF(E25="Sí",D25/1.16,D25)) | G25: =IF(F25="","",C25/F25) | H25: =IF(F25="","",F25-C25) | I25: =IF(A25="","",ROUNDUP(C25/$H$3*IF(E25="Sí",1.16,1),0))

Sheet Insumos
A1: Insumos: cuánto te cuesta cada gramo, mililitro o pieza
A2: Llena las celdas amarillas con TUS precios. Los de ejemplo son de referencia (octubre 2026).
A4: Insumo | B4: Presentación de compra | C4: Precio de compra | D4: Contenido de la presentación | E4: Unidad | F4: Envío o flete prorrateado | G4: Costo por unidad
A5: Café en grano | B5: Bolsa de 1 kg | C5: 420 | D5: 1000 | E5: g | F5: 0 | G5: =IFERROR((C5+F5)/D5,0)
A6: Leche entera | B6: Litro | C6: 28 | D6: 1000 | E6: ml | F6: 0 | G6: =IFERROR((C6+F6)/D6,0)
A7: Vaso 12 oz con tapa | B7: Paquete de 50 | C7: 140 | D7: 50 | E7: pieza | F7: 0 | G7: =IFERROR((C7+F7)/D7,0)
A8: Vaso 16 oz con tapa | B8: Paquete de 50 | C8: 165 | D8: 50 | E8: pieza | F8: 0 | G8: =IFERROR((C8+F8)/D8,0)
A9: Manga de cartón | B9: Paquete de 100 | C9: 90 | D9: 100 | E9: pieza | F9: 0 | G9: =IFERROR((C9+F9)/D9,0)
A10: Azúcar | B10: Bolsa de 1 kg | C10: 32 | D10: 1000 | E10: g | F10: 0 | G10: =IFERROR((C10+F10)/D10,0)
A11: Extracto de vainilla | B11: Frasco de 120 ml | C11: 95 | D11: 120 | E11: ml | F11: 0 | G11: =IFERROR((C11+F11)/D11,0)
A12: Agua | B12: Garrafón (costo despreciable) | C12: 0 | D12: 1 | E12: ml | F12: 0 | G12: =IFERROR((C12+F12)/D12,0)
G13: =IF(A13="","",IFERROR((C13+F13)/D13,0))
G14: =IF(A14="","",IFERROR((C14+F14)/D14,0))
G15: =IF(A15="","",IFERROR((C15+F15)/D15,0))
G16: =IF(A16="","",IFERROR((C16+F16)/D16,0))
G17: =IF(A17="","",IFERROR((C17+F17)/D17,0))
G18: =IF(A18="","",IFERROR((C18+F18)/D18,0))
G19: =IF(A19="","",IFERROR((C19+F19)/D19,0))
G20: =IF(A20="","",IFERROR((C20+F20)/D20,0))
G21: =IF(A21="","",IFERROR((C21+F21)/D21,0))
G22: =IF(A22="","",IFERROR((C22+F22)/D22,0))
G23: =IF(A23="","",IFERROR((C23+F23)/D23,0))
G24: =IF(A24="","",IFERROR((C24+F24)/D24,0))
... G43: =IF(A43="","",IFERROR((C43+F43)/D43,0))

Sheet Bases
A1: Bases preparadas: jarabes, cold brew, salsas
A2: Costo del lote ÷ lo que rinde = costo por ml. 🚨 Sin rendimiento, la base cuesta $0 y tus márgenes salen inflados.
A4: Base | B4: Ingrediente | C4: Cantidad en el lote | D4: Costo por unidad | E4: Costo | H4: Bases (las usan las recetas) | I4: Unidad | J4: Costo por unidad
A5: Jarabe de vainilla | B5: Azúcar | C5: 1000 | D5: =IFERROR(VLOOKUP(B5,Insumos!$A$5:$G$43,7,FALSE),0) | E5: =C5*D5 | H5: =A5 | I5: ml | J5: =E10
A6: Jarabe de vainilla | B6: Agua | C6: 600 | D6: =IFERROR(VLOOKUP(B6,Insumos!$A$5:$G$43,7,FALSE),0) | E6: =C6*D6
A7: Jarabe de vainilla | B7: Extracto de vainilla | C7: 30 | D7: =IFERROR(VLOOKUP(B7,Insumos!$A$5:$G$43,7,FALSE),0) | E7: =C7*D7 | H7: Para otra base, copia el bloque A4:E10 más abajo y añade su fila en esta tabla.
A8: Costo del lote | E8: =SUM(E5:E7)
A9: Rendimiento del lote (ml) | E9: 1200
A10: Costo por ml de la base | E10: =IFERROR(E8/E9,0)

Sheet Recetas
A1: Recetas: qué lleva cada producto, por tamaño
A2: Una fila por ingrediente. El nombre del insumo debe escribirse igual que en la hoja Insumos.
A4: Producto | B4: Insumo | C4: Cantidad | D4: Unidad | E4: Costo por unidad | F4: Costo
A5: Americano chico | B5: Café en grano | C5: 18 | D5: =IFERROR(VLOOKUP(B5,Insumos!$A$5:$E$43,5,FALSE),IFERROR(VLOOKUP(B5,Bases!$H$5:$J$30,2,FALSE),"")) | E5: =IFERROR(VLOOKUP(B5,Insumos!$A$5:$G$43,7,FALSE),IFERROR(VLOOKUP(B5,Bases!$H$5:$J$30,3,FALSE),0)) | F5: =C5*E5
A6: Americano chico | B6: Agua | C6: 300 | D6: =IFERROR(VLOOKUP(B6,Insumos!$A$5:$E$43,5,FALSE),IFERROR(VLOOKUP(B6,Bases!$H$5:$J$30,2,FALSE),"")) | E6: =IFERROR(VLOOKUP(B6,Insumos!$A$5:$G$43,7,FALSE),IFERROR(VLOOKUP(B6,Bases!$H$5:$J$30,3,FALSE),0)) | F6: =C6*E6
A7: Americano chico | B7: Vaso 12 oz con tapa | C7: 1 | D7: =IFERROR(VLOOKUP(B7,Insumos!$A$5:$E$43,5,FALSE),IFERROR(VLOOKUP(B7,Bases!$H$5:$J$30,2,FALSE),"")) | E7: =IFERROR(VLOOKUP(B7,Insumos!$A$5:$G$43,7,FALSE),IFERROR(VLOOKUP(B7,Bases!$H$5:$J$30,3,FALSE),0)) | F7: =C7*E7
A8: Americano chico | B8: Manga de cartón | C8: 1 | D8: =IFERROR(VLOOKUP(B8,Insumos!$A$5:$E$43,5,FALSE),IFERROR(VLOOKUP(B8,Bases!$H$5:$J$30,2,FALSE),"")) | E8: =IFERROR(VLOOKUP(B8,Insumos!$A$5:$G$43,7,FALSE),IFERROR(VLOOKUP(B8,Bases!$H$5:$J$30,3,FALSE),0)) | F8: =C8*E8
A9: Latte chico | B9: Café en grano | C9: 18 | D9: =IFERROR(VLOOKUP(B9,Insumos!$A$5:$E$43,5,FALSE),IFERROR(VLOOKUP(B9,Bases!$H$5:$J$30,2,FALSE),"")) | E9: =IFERROR(VLOOKUP(B9,Insumos!$A$5:$G$43,7,FALSE),IFERROR(VLOOKUP(B9,Bases!$H$5:$J$30,3,FALSE),0)) | F9: =C9*E9
A10: Latte chico | B10: Leche entera | C10: 240 | D10: =IFERROR(VLOOKUP(B10,Insumos!$A$5:$E$43,5,FALSE),IFERROR(VLOOKUP(B10,Bases!$H$5:$J$30,2,FALSE),"")) | E10: =IFERROR(VLOOKUP(B10,Insumos!$A$5:$G$43,7,FALSE),IFERROR(VLOOKUP(B10,Bases!$H$5:$J$30,3,FALSE),0)) | F10: =C10*E10
A11: Latte chico | B11: Vaso 12 oz con tapa | C11: 1 | D11: =IFERROR(VLOOKUP(B11,Insumos!$A$5:$E$43,5,FALSE),IFERROR(VLOOKUP(B11,Bases!$H$5:$J$30,2,FALSE),"")) | E11: =IFERROR(VLOOKUP(B11,Insumos!$A$5:$G$43,7,FALSE),IFERROR(VLOOKUP(B11,Bases!$H$5:$J$30,3,FALSE),0)) | F11: =C11*E11
A12: Latte chico | B12: Manga de cartón | C12: 1 | D12: =IFERROR(VLOOKUP(B12,Insumos!$A$5:$E$43,5,FALSE),IFERROR(VLOOKUP(B12,Bases!$H$5:$J$30,2,FALSE),"")) | E12: =IFERROR(VLOOKUP(B12,Insumos!$A$5:$G$43,7,FALSE),IFERROR(VLOOKUP(B12,Bases!$H$5:$J$30,3,FALSE),0)) | F12: =C12*E12
A13: Latte grande | B13: Café en grano | C13: 18 | D13: =IFERROR(VLOOKUP(B13,Insumos!$A$5:$E$43,5,FALSE),IFERROR(VLOOKUP(B13,Bases!$H$5:$J$30,2,FALSE),"")) | E13: =IFERROR(VLOOKUP(B13,Insumos!$A$5:$G$43,7,FALSE),IFERROR(VLOOKUP(B13,Bases!$H$5:$J$30,3,FALSE),0)) | F13: =C13*E13
A14: Latte grande | B14: Leche entera | C14: 330 | D14: =IFERROR(VLOOKUP(B14,Insumos!$A$5:$E$43,5,FALSE),IFERROR(VLOOKUP(B14,Bases!$H$5:$J$30,2,FALSE),"")) | E14: =IFERROR(VLOOKUP(B14,Insumos!$A$5:$G$43,7,FALSE),IFERROR(VLOOKUP(B14,Bases!$H$5:$J$30,3,FALSE),0)) | F14: =C14*E14
A15: Latte grande | B15: Vaso 16 oz con tapa | C15: 1 | D15: =IFERROR(VLOOKUP(B15,Insumos!$A$5:$E$43,5,FALSE),IFERROR(VLOOKUP(B15,Bases!$H$5:$J$30,2,FALSE),"")) | E15: =IFERROR(VLOOKUP(B15,Insumos!$A$5:$G$43,7,FALSE),IFERROR(VLOOKUP(B15,Bases!$H$5:$J$30,3,FALSE),0)) | F15: =C15*E15
A16: Latte grande | B16: Manga de cartón | C16: 1 | D16: =IFERROR(VLOOKUP(B16,Insumos!$A$5:$E$43,5,FALSE),IFERROR(VLOOKUP(B16,Bases!$H$5:$J$30,2,FALSE),"")) | E16: =IFERROR(VLOOKUP(B16,Insumos!$A$5:$G$43,7,FALSE),IFERROR(VLOOKUP(B16,Bases!$H$5:$J$30,3,FALSE),0)) | F16: =C16*E16
... A21: Latte de vainilla chico | B21: Manga de cartón | C21: 1 | D21: =IFERROR(VLOOKUP(B21,Insumos!$A$5:$E$43,5,FALSE),IFERROR(VLOOKUP(B21,Bases!$H$5:$J$30,2,FALSE),"")) | E21: =IFERROR(VLOOKUP(B21,Insumos!$A$5:$G$43,7,FALSE),IFERROR(VLOOKUP(B21,Bases!$H$5:$J$30,3,FALSE),0)) | F21: =C21*E21
D22: =IF(B22="","",IFERROR(VLOOKUP(B22,Insumos!$A$5:$E$43,5,FALSE),IFERROR(VLOOKUP(B22,Bases!$H$5:$J$30,2,FALSE),""))) | E22: =IF(B22="","",IFERROR(VLOOKUP(B22,Insumos!$A$5:$G$43,7,FALSE),IFERROR(VLOOKUP(B22,Bases!$H$5:$J$30,3,FALSE),0))) | F22: =IF(B22="","",C22*E22)
D23: =IF(B23="","",IFERROR(VLOOKUP(B23,Insumos!$A$5:$E$43,5,FALSE),IFERROR(VLOOKUP(B23,Bases!$H$5:$J$30,2,FALSE),""))) | E23: =IF(B23="","",IFERROR(VLOOKUP(B23,Insumos!$A$5:$G$43,7,FALSE),IFERROR(VLOOKUP(B23,Bases!$H$5:$J$30,3,FALSE),0))) | F23: =IF(B23="","",C23*E23)
D24: =IF(B24="","",IFERROR(VLOOKUP(B24,Insumos!$A$5:$E$43,5,FALSE),IFERROR(VLOOKUP(B24,Bases!$H$5:$J$30,2,FALSE),""))) | E24: =IF(B24="","",IFERROR(VLOOKUP(B24,Insumos!$A$5:$G$43,7,FALSE),IFERROR(VLOOKUP(B24,Bases!$H$5:$J$30,3,FALSE),0))) | F24: =IF(B24="","",C24*E24)
D25: =IF(B25="","",IFERROR(VLOOKUP(B25,Insumos!$A$5:$E$43,5,FALSE),IFERROR(VLOOKUP(B25,Bases!$H$5:$J$30,2,FALSE),""))) | E25: =IF(B25="","",IFERROR(VLOOKUP(B25,Insumos!$A$5:$G$43,7,FALSE),IFERROR(VLOOKUP(B25,Bases!$H$5:$J$30,3,FALSE),0))) | F25: =IF(B25="","",C25*E25)
D26: =IF(B26="","",IFERROR(VLOOKUP(B26,Insumos!$A$5:$E$43,5,FALSE),IFERROR(VLOOKUP(B26,Bases!$H$5:$J$30,2,FALSE),""))) | E26: =IF(B26="","",IFERROR(VLOOKUP(B26,Insumos!$A$5:$G$43,7,FALSE),IFERROR(VLOOKUP(B26,Bases!$H$5:$J$30,3,FALSE),0))) | F26: =IF(B26="","",C26*E26)
D27: =IF(B27="","",IFERROR(VLOOKUP(B27,Insumos!$A$5:$E$43,5,FALSE),IFERROR(VLOOKUP(B27,Bases!$H$5:$J$30,2,FALSE),""))) | E27: =IF(B27="","",IFERROR(VLOOKUP(B27,Insumos!$A$5:$G$43,7,FALSE),IFERROR(VLOOKUP(B27,Bases!$H$5:$J$30,3,FALSE),0))) | F27: =IF(B27="","",C27*E27)
D28: =IF(B28="","",IFERROR(VLOOKUP(B28,Insumos!$A$5:$E$43,5,FALSE),IFERROR(VLOOKUP(B28,Bases!$H$5:$J$30,2,FALSE),""))) | E28: =IF(B28="","",IFERROR(VLOOKUP(B28,Insumos!$A$5:$G$43,7,FALSE),IFERROR(VLOOKUP(B28,Bases!$H$5:$J$30,3,FALSE),0))) | F28: =IF(B28="","",C28*E28)
D29: =IF(B29="","",IFERROR(VLOOKUP(B29,Insumos!$A$5:$E$43,5,FALSE),IFERROR(VLOOKUP(B29,Bases!$H$5:$J$30,2,FALSE),""))) | E29: =IF(B29="","",IFERROR(VLOOKUP(B29,Insumos!$A$5:$G$43,7,FALSE),IFERROR(VLOOKUP(B29,Bases!$H$5:$J$30,3,FALSE),0))) | F29: =IF(B29="","",C29*E29)
D30: =IF(B30="","",IFERROR(VLOOKUP(B30,Insumos!$A$5:$E$43,5,FALSE),IFERROR(VLOOKUP(B30,Bases!$H$5:$J$30,2,FALSE),""))) | E30: =IF(B30="","",IFERROR(VLOOKUP(B30,Insumos!$A$5:$G$43,7,FALSE),IFERROR(VLOOKUP(B30,Bases!$H$5:$J$30,3,FALSE),0))) | F30: =IF(B30="","",C30*E30)
D31: =IF(B31="","",IFERROR(VLOOKUP(B31,Insumos!$A$5:$E$43,5,FALSE),IFERROR(VLOOKUP(B31,Bases!$H$5:$J$30,2,FALSE),""))) | E31: =IF(B31="","",IFERROR(VLOOKUP(B31,Insumos!$A$5:$G$43,7,FALSE),IFERROR(VLOOKUP(B31,Bases!$H$5:$J$30,3,FALSE),0))) | F31: =IF(B31="","",C31*E31)
D32: =IF(B32="","",IFERROR(VLOOKUP(B32,Insumos!$A$5:$E$43,5,FALSE),IFERROR(VLOOKUP(B32,Bases!$H$5:$J$30,2,FALSE),""))) | E32: =IF(B32="","",IFERROR(VLOOKUP(B32,Insumos!$A$5:$G$43,7,FALSE),IFERROR(VLOOKUP(B32,Bases!$H$5:$J$30,3,FALSE),0))) | F32: =IF(B32="","",C32*E32)
D33: =IF(B33="","",IFERROR(VLOOKUP(B33,Insumos!$A$5:$E$43,5,FALSE),IFERROR(VLOOKUP(B33,Bases!$H$5:$J$30,2,FALSE),""))) | E33: =IF(B33="","",IFERROR(VLOOKUP(B33,Insumos!$A$5:$G$43,7,FALSE),IFERROR(VLOOKUP(B33,Bases!$H$5:$J$30,3,FALSE),0))) | F33: =IF(B33="","",C33*E33)
... D82: =IF(B82="","",IFERROR(VLOOKUP(B82,Insumos!$A$5:$E$43,5,FALSE),IFERROR(VLOOKUP(B82,Bases!$H$5:$J$30,2,FALSE),""))) | E82: =IF(B82="","",IFERROR(VLOOKUP(B82,Insumos!$A$5:$G$43,7,FALSE),IFERROR(VLOOKUP(B82,Bases!$H$5:$J$30,3,FALSE),0))) | F82: =IF(B82="","",C82*E82)
